 Dungeon Sprint DCSS version 0.21-a0-238-geb0acef (webtiles) character file.

420 terra52 the Blocker (level 6, -10/61 HPs)
             Began as a Gnoll Fighter on Sept 2, 2017.
             Was an Initiate of Ru.
             Mangled by a slime creature (13 damage)
             ... in the Dungeon (Sprint I: "Red Sonja").
             The game lasted 00:01:27 (217 turns).

terra52 the Blocker (Gnoll Fighter)                  Turns: 217, Time: 00:01:28

Health: -10/61     AC:  8    Str:  7    XL:     6   Next: 94%
Magic:  6/6        EV:  7    Int:  7    God:    Ru [......]
Gold:   216        SH: 10    Dex:  7    Spells: 5/5 levels left

rFire    . . .     SeeInvis .   a - +0 rapier
rCold    . . .     Gourm    .   c - +0 shield
rNeg     . . .     Faith    .   b - +0 scale mail
rPois    .         Spirit   .   (no helmet)
rElec    .         Reflect  .   (no cloak)
rCorr    .         Harm     .   (no gloves)
MR       .....     NoTele   +   (no boots)
Stlth    ..........             (no amulet)
HPRegen  0.20/turn              (no ring)
MPRegen  0.10/turn              (no ring)

@: no status effects
A: unchanging attributes, fangs 1, strong nose
a: Renounce Religion


You were in the Dungeon.
You worshipped Ru.
Ru was noncommittal.
You were not hungry.

You visited 1 branch You collected 216 gold pieces.

Inventory:

Hand Weapons
 a - a +0 rapier (weapon)
Armour
 b - a +0 scale mail (worn)
 c - a +0 shield (worn)
Wands
 d - a wand of digging (5/24)
Scrolls
 k - 2 scrolls of blinking
 l - a scroll of identify {unknown}
Potions
 e - a potion of curing
 g - a potion of degeneration {unknown}
 h - a potion of haste
 i - 2 potions of magic
 j - a potion of berserk rage
Comestibles
 f - a bread ration


   Skills:
 + Level 10.8 Fighting
 + Level 7.8 Short Blades
 + Level 10.2 Armour
 + Level 10.8 Shields


You had 5 spell levels left.
You didn't know any spells.

Dungeon Overview and Level Annotations

Branches:
Dungeon (1/1)

Altars:
Cheibriados
Dithmenos
Elyvilon
Fedhas
Gozag
Hepliaklqana
Kikubaaqudgha
Makhleb
Nemelex Xobeh
Okawaru
Qazlal
Ru
Sif Muna
Trog
Uskayaw
Vehumet
Wu Jian
Xom
Yredelemnul
Zin
The Shining One
Jiyva
Lugonu

Shops:
D ?


Innate Abilities, Weirdness & Mutations

Your physical attributes are unchanging.
You have very sharp teeth.
Your uncanny sense of smell can sniff out nearby items.


Message History

You hit the slime creature.
You bite the slime creature, but do no damage.
The slime creature is heavily wounded.
The slime creature hits you!
You barely miss the slime creature. Your bite misses the slime creature.
The slime creature is heavily wounded.
The slime creature barely misses you.
You hit the slime creature.
You bite the slime creature, but do no damage.
The slime creature is heavily wounded.
The slime creature hits you.
* * * LOW HITPOINT WARNING * * *
You hit the slime creature but do no damage.
The slime creature is heavily wounded.
The slime creature hits you!
* * * LOW HITPOINT WARNING * * *
You puncture the slime creature!
The slime creature is severely wounded.
The slime creature hits you!
You die...

###################
#<.#..').#..'..#__#∆∆
#..'[.#..').#..@J.+∆∆
#..#####+#####'#__#
#..####∆∆#..$#[####∆∆
#..#__####..##.# ∆
#..#_____##'#_.+
#⌠⌠#_.∩...'..._# ∆
####_..__##_.#'#
∆∆#_____###+#.#∆∆∆∆
####### ### ∆


You could see a slime creature.

Vanquished Creatures
  Sigmund (D)
  A yak (D)
  An ogre (D)
  A jelly (D)
  Ijyb (D)
5 creatures vanquished.

Notes
Turn   | Place    | Note
-------+----------+-------------------------------------------
     0 | D        | terra52 the Gnoll Fighter began the quest for the Orb.
     0 | D        | Reached XP level 1. HP: 19/19 MP: 1/1
     2 | D        | Noticed Ijyb
     9 | D        | Killed Ijyb
     9 | D        | Reached skill level 5 in Fighting
     9 | D        | Reached skill level 5 in Armour
     9 | D        | Reached skill level 5 in Shields
     9 | D        | Reached XP level 2. HP: 25/28 MP: 2/2
     9 | D        | Reached XP level 3. HP: 31/34 MP: 3/3
    14 | D        | Noticed an ogre
    18 | D        | Killed an ogre
    18 | D        | Reached XP level 4. HP: 10/44 MP: 4/4
    22 | D        | Noticed Sigmund
    29 | D        | Killed Sigmund
    29 | D        | Reached XP level 5. HP: 36/53 MP: 5/5
    29 | D        | Reached XP level 6. HP: 41/60 MP: 6/6
    39 | D        | Found an ornate altar of the Wu Jian Council.
    39 | D        | Found a deep blue altar of Sif Muna.
    41 | D        | Found a radiant altar of Vehumet.
    48 | D        | Found Plog's Magic Scroll Emporium.
    48 | D        | Found an ancient bone altar of Kikubaaqudgha.
    48 | D        | Found a hazy altar of Hepliaklqana.
    48 | D        | Found a stormy altar of Qazlal.
    48 | D        | Found a hide-covered altar of Uskayaw.
    48 | D        | Found a blossoming altar of Fedhas.
    48 | D        | Found a bloodstained altar of Trog.
    48 | D        | Found an iron altar of Okawaru.
    48 | D        | Found a basalt altar of Yredelemnul.
    48 | D        | Found a glowing golden altar of the Shining One.
    48 | D        | Found a snail-covered altar of Cheibriados.
    48 | D        | Found a sacrificial altar of Ru.
    48 | D        | Found a glowing silver altar of Zin.
    48 | D        | Found a shadowy altar of Dithmenos.
    48 | D        | Found a white marble altar of Elyvilon.
    48 | D        | Noticed a yak
    53 | D        | Killed a yak
    53 | D        | Reached skill level 10 in Fighting
    53 | D        | Reached skill level 10 in Armour
    53 | D        | Reached skill level 10 in Shields
    54 | D        | Found an opulent altar of Gozag.
    55 | D        | Found a sparkling altar of Nemelex Xobeh.
    61 | D        | Became a worshipper of Ru the Awakened
   200 | D        | Found a burning altar of Makhleb.
   200 | D        | Found a viscous altar of Jiyva.
   200 | D        | Found a shimmering altar of Xom.
   200 | D        | Found a corrupted altar of Lugonu.
   200 | D        | Noticed a slime creature
   216 | D        | HP: 3/61 [slime creature (14)]
   217 | D        | Mangled by a slime creature

Vault maps used:
D:        dungeon_sprint_1

Skill      XL: |  1  2  3  4  5  6 |
---------------+-------------------+-----
Fighting       | 5 7 9 10 | 10.8
Short Blades   | 3 4 6 7 |  7.8
Armour         | 5 7 9 10 | 10.2
Shields        | 5 7 9 10 | 10.8

Action                   |  1- 3 |  4- 6 || total
-------------------------+-------+-------++-------
Melee: Rapier            |    10 |    29 ||    39
       Bite              |       |     4 ||     4
  Use: Potion            |     1 |     1 ||     2
Armor: Scale mail        |     4 |     2 ||     6
Dodge: Dodged            |     1 |     6 ||     7
Block: Shield            |     2 |     6 ||     8

Table legend:
 A = Spawn XP
 B = Non-spawn XP
 C = Spawn XP percentage of total XP
 D = Spawn monster count
 E = Non-spawn monster count
 F = Spawn count percentage of total count
 G = Total turns spent on level
                    A         B        C        D         E        F      G
               +---------+---------+-------+---------+---------+-------+---------
         Total |       0 |     600 |   0.0 |       0 |       5 |   0.0 |   217
               +---------+---------+-------+---------+---------+-------+---------
             D |       0 |     600 |   0.0 |       0 |       5 |   0.0 |   217
               +---------+---------+-------+---------+---------+-------+---------
